 Dungeon Crawl Stone Soup version 0.23.1 (webtiles) character file.

Game seed: 17409688466933398079

26436 Chiseanne the Slicer (level 13, -5/151 HPs)
             Began as a Gnoll Wanderer on Mar 14, 2019.
             Was an Initiate of Gozag.
             Slain by a death knight
             ... wielding a +2 halberd
              (12 damage)
             ... on level 12 of the Dungeon.
             The game lasted 00:52:33 (17327 turns).

Chiseanne the Slicer (Gnoll Wanderer)              Turns: 17327, Time: 00:52:34

Health: -5/151     AC: 23    Str: 23    XL:     13   Next: 26%
Magic:  34/34      EV: 15    Int: 15    God:    Gozag
Gold:   1145       SH:  4    Dex: 16    Spells: 16/29 levels left

rFire    . . .     SeeInvis .   a - +5 dire flail (protect)
rCold    . . .     Gourm    .   (shield currently unavailable)
rNeg     + . .     Faith    .   r - +4 scale mail {rPois}
rPois    +         Spirit   .   V - +2 hat
rElec    .         Reflect  +   y - +0 cloak
rCorr    .         Harm     .   C - +0 pair of gloves
MR       .....                  (no boots)
Stlth    ..........             H - +4 amulet of reflection
HPRegen  0.35/turn              N - ring of magical power
MPRegen  0.24/turn              k - ring of positive energy

@: mighty, berserking, protection aura, very quick
A: distributed training, fangs 1, strong nose
a: Potion Petition, Call Merchant, Bribe Branch, Renounce Religion


You were on level 12 of the Dungeon.
You worshipped Gozag.
Gozag was most pleased with you.
You were full.

You visited 2 branches of the dungeon, and saw 14 of its levels.
You visited the Abyss 1 time.
You also visited: Bailey.

You collected 3586 gold pieces.
You spent 1249 gold pieces at shops.
You paid 1192 gold pieces to Gozag.

Inventory:

Hand Weapons
 a - a +5 dire flail of protection (weapon)
 e - a +0 blowgun
 g - a +5 great sword of flaming
 s - the +5 mace "Vooh" {crush, rElec MR- Int+7}
   (You found it on level 7 of the Dungeon)

   It inflicts extra damage upon your enemies.
   It affects your intelligence (+7).
   It insulates you from electricity.
   It affects your resistance to hostile enchantments.
 w - the +2 fustibalus of Trauma {venom, rF++ Str+3 Dex+3}
   (You bought it in a shop on level 8 of the Dungeon)

   It poisons the ammo it fires.
   It affects your strength (+3).
   It affects your dexterity (+3).
   It greatly protects you from fire.
 M - the +5 short sword of Integrity {speed, +Blink MR+ Str+2}
   (You found it on level 10 of the Dungeon)

   Attacks with this weapon are significantly faster.
   It affects your strength (+2).
   It affects your resistance to hostile enchantments.
   It lets you blink.
Missiles
 b - 513 stones
 d - 48 poisoned needles
 j - 87 sling bullets
 n - 328 arrows
 o - 7 needles of paralysis
 u - 72 bolts
 z - 5 throwing nets
 E - 2 tomahawks of dispersal
 K - 73 tomahawks of returning
 R - 16 tomahawks (quivered)
Armour
 r - a +4 scale mail of poison resistance (worn)
 y - a +0 cloak (worn)
 C - a +0 pair of gloves (worn)
 F - the +2 robe of Resilience {rElec Str+6 Stlth-}
   (You found it on level 8 of the Dungeon)

   It affects your strength (+6).
   It insulates you from electricity.
   It makes you less stealthy.
 J - a +2 scale mail of cold resistance
 V - a +2 hat (worn)
Jewellery
 k - a ring of positive energy (right hand)
 q - an uncursed ring of poison resistance
 H - a +4 amulet of reflection (around neck)
 N - a ring of magical power (left hand)
 X - a +2 ring of dexterity {unknown}
Wands
 m - a wand of polymorph (5)
 D - a wand of enslavement (6)
 I - a wand of iceblast (35)
 L - a wand of acid (1)
 W - a wand of digging (3)
 Z - a wand of random effects (13)
Scrolls
 c - 9 scrolls of remove curse
 p - 7 scrolls of teleportation
 t - 2 scrolls of fog
 x - 5 scrolls of magic mapping
 G - 2 scrolls of identify
 Q - a scroll of amnesia
 T - a scroll of immolation
 Y - a scroll of acquirement
Potions
 h - 2 potions of ambrosia
 i - 8 potions of curing
 l - 7 potions of magic
 v - 3 potions of brilliance
 A - 5 potions of mutation
 B - a potion of flight
 S - a potion of berserk rage
Miscellaneous
 O - a phial of floods
 P - a phantom mirror
Comestibles
 f - 15 rations


   Skills:
 + Level 9.2 Fighting
 + Level 9.2 Short Blades
 + Level 8.0 Long Blades
 + Level 8.0 Axes
 + Level 8.0 Maces & Flails
 + Level 8.0 Polearms
 + Level 8.0 Staves
 + Level 8.0 Slings
 + Level 8.0 Bows
 + Level 8.0 Crossbows
 + Level 8.0 Throwing
 + Level 8.0 Armour
 + Level 8.0 Dodging
 + Level 8.4 Stealth
 + Level 8.4 Shields
 + Level 8.0 Unarmed Combat
 + Level 8.5 Spellcasting
 + Level 6.6 Conjurations
 + Level 6.6 Hexes
 + Level 6.6 Charms
 + Level 6.6 Summonings
 + Level 6.6 Necromancy
 + Level 6.6 Translocations
 + Level 6.6 Transmutations
 + Level 7.7 Fire Magic
 + Level 6.6 Ice Magic
 + Level 6.6 Air Magic
 + Level 6.6 Earth Magic
 + Level 6.6 Poison Magic
 + Level 8.7 Invocations
 + Level 8.4 Evocations


You had 16 spell levels left.
You knew the following spells:

 Your Spells              Type           Power        Failure   Level  Hunger
a - Magic Dart            Conj           ####         1%          1    None
b - Blink                 Tloc           N/A          2%          2    None
c - Apportation           Tloc           ####..       1%          1    None
d - Mephitic Cloud        Conj/Pois/Air  ####....     4%          3    ##.....
e - Tukima's Dance        Hex            ####....     4%          3    ##.....
f - Lesser Beckoning      Tloc           ####......   4%          3    ##.....

Your spell library contained the following spells:

 Spells                   Type           Power        Failure   Level  Hunger
 Flame Tongue             Conj/Fire      ####.        1%          1    None
 Summon Butterflies       Summ           ####....     1%          1    None
 Call Imp                 Summ           ####....     2%          2    None
 Corpse Rot               Necr           N/A          2%          2    None
 Slow                     Hex            ####....     2%          2    None
 Sublimation of Blood     Necr           ####......   2%          2    None
 Conjure Flame            Conj/Fire      ####....     3%          3    ##.....
 Inner Flame              Hex/Fire       ####....     3%          3    ##.....
 Agony                    Necr           ####....     41%         5    #####..
 Alistair's Intoxication  Tmut/Pois      ####....     41%         5    #####..
 Bolt of Draining         Conj/Necr      ####......   41%         5    #####..
 Dispel Undead            Necr           ####....     41%         5    #####..
 Excruciating Wounds      Chrm/Necr      ####......   41%         5    #####..
 Invisibility             Hex            ####....     94%         6    #######


Dungeon Overview and Level Annotations

Branches:
Dungeon (13/15)            Temple (1/1) D:4            Lair (0/6) D:9
    Orc (0/2) D:11         Vaults (0/5) D:13

Altars:
Ashenzari
Cheibriados
Dithmenos
Elyvilon
Fedhas
Gozag
Hepliaklqana
Kikubaaqudgha
Makhleb
Nemelex Xobeh
Okawaru
Qazlal
Ru
Sif Muna
Trog
Uskayaw
Vehumet
Wu Jian
Xom
Yredelemnul
Zin
The Shining One
Lugonu

Shops:
D:8 (*   D:11 (   D:13 =

Annotations:
D:4 1 runed translucent door, grerr's ghost, novice DECj
D:6 2 runed translucent doors, Veteran's ghost, novice GrFi
D:12 2 transporters


Innate Abilities, Weirdness & Mutations

Your experience applies equally to all skills.
You have very sharp teeth.
Your uncanny sense of smell can sniff out nearby items.


Message History

The wight barely misses you.
You bludgeon the death knight!!
Your weapon exudes an aura of protection.
The death knight is severely wounded.
The death knight reflects your damage back at you!
* * * LOW HITPOINT WARNING * * *
The death knight's dark mirror aura disappears.
The death knight reflects your damage back at you!
* * * LOW HITPOINT WARNING * * *
The death knight hits you with a +2 halberd.
* * * LOW HITPOINT WARNING * * *
You hit the death knight but do no damage.
You bite the death knight, but do no damage.
The death knight is almost dead.
The wight hits you but does no damage.
You puncture the death knight!
The death knight is almost dead.
The death knight hits you with a +2 halberd!
You die...
Your body crumbles into a pile of gold.

#########..# #...#
#..........# #...##
#..........# #....>
#..........# #.....
#####..........###.....
#......................
#........####.....####.
#....p..##?"##...##.©##
#.....@.#...##...## ..#
#.....z.#h...##!##..#.#
#.......###...###...###
#........###.......###.
#..........##.....##...
#..........©#x._..#©...
#..........##.....##...
####.....###...!...###.
#....###x..###.. ###


You could see a death knight and a wight.

Vanquished Creatures
  Jorgrun (D:12)
  Fannar (D:12)
  Harold (D:8)
  A vault guard (D:13)
  2 two-headed ogres
  An unseen horror (D:12)
  A wizard (D:13)
  An orc knight (Bailey)
  A deep elf mage (D:12)
  2 necromancers (D:13)
  3 ugly things
  A cyclops (D:12)
  Psyche (D:11)
  A yaktaur (D:12)
  A komodo dragon (shapeshifter) (D:10)
  3 trolls
  A hornet (D:11)
  A meliai zombie (D:11)
  3 slime creatures (D:12)
  A dream sheep (D:8)
  2 shadows
  3 hippogriffs
  4 wraiths
  8 yaks (D:11)
  2 hungry ghosts
  16 humans (D:13)
  Edmund (D:4)
  A swamp worm (shapeshifter) (D:8)
  An acid dragon (D:11)
  2 soldier ants
  A water moccasin (D:9)
  2 ice beasts
  5 orc warriors
  A phantom (D:12)
  A black bear (D:6)
  7 ogres
  12 centaurs
  A necrophage (D:11)
  4 big kobolds
  7 bullfrogs
  2 wyvern zombies
  A gnoll sergeant (D:10)
  A wyvern skeleton (D:12)
  3 scorpions
  13 killer bees
  6 wights
  5 howler monkeys
  An electric eel (D:8)
  4 centaur zombies
  7 crimson imps
  10 hounds
  5 jellies
  A quasit (D:11)
  16 orc priests
  13 orc wizards
  A bullfrog skeleton (D:11)
  2 iguanas
  2 centaur skeletons
  Terence (D:2)
  4 worker ants
  A hound zombie (D:6)
  3 hound skeletons
  20 gnolls
  A worker ant zombie (D:8)
  13 adders
  2 shadow imps
  6 oozes
  An adder skeleton (D:6)
  4 worms
  2 dart slugs
  4 leopard geckos
  47 orcs
  4 ball pythons
  6 bats
  6 giant cockroaches
  10 goblins
  21 hobgoblins
  15 jackals
  4 quokkas
  6 frilled lizards
  39 kobolds
  9 rats
431 creatures vanquished.

Vanquished Creatures (collateral kills)
  Erolcha (D:10)
  A necromancer (D:13)
  3 humans (D:13)
  An ogre (D:10)
  An orc (D:4)
  A goblin (D:2)
  A hobgoblin (D:2)
9 creatures vanquished.

Vanquished Creatures (others)
  A necromancer (D:13)
  An ogre (D:7)
  A gnoll (D:2)
  An orc (D:4)
  A kobold (D:10)
5 creatures vanquished.

Grand Total: 445 creatures vanquished

Notes
Turn   | Place    | Note
-------+----------+-------------------------------------------
     0 | D:1      | Chiseanne the Gnoll Wanderer began the quest for the Orb.
     0 | D:1      | Chiseanne set off with the following items: a +2 short
                  | sword, a +0 robe, a ration; and the following spell
                  | memorised: Flame Tongue; and the following spells available
                  | to memorise: Inner Flame, Corpse Rot, Sublimation of Blood
     0 | D:1      | Reached XP level 1. HP: 20/20 MP: 4/4
    68 | D:1      | Reached XP level 2. HP: 26/26 MP: 5/5
   378 | D:1      | Found an iron altar of Okawaru.
   560 | D:1      | Reached XP level 3. HP: 31/31 MP: 7/7
   918 | D:2      | Reached skill level 1 in Invocations
  1161 | D:2      | Reached skill level 1 in Long Blades
  1161 | D:2      | Reached skill level 1 in Axes
  1161 | D:2      | Reached skill level 1 in Maces & Flails
  1161 | D:2      | Reached skill level 1 in Polearms
  1161 | D:2      | Reached skill level 1 in Staves
  1161 | D:2      | Reached skill level 1 in Slings
  1161 | D:2      | Reached skill level 1 in Bows
  1161 | D:2      | Reached skill level 1 in Crossbows
  1161 | D:2      | Reached skill level 1 in Throwing
  1161 | D:2      | Reached skill level 1 in Armour
  1161 | D:2      | Reached skill level 1 in Dodging
  1161 | D:2      | Reached skill level 1 in Unarmed Combat
  1161 | D:2      | Reached XP level 4. HP: 31/38 MP: 8/8
  1355 | D:2      | Found a glowing golden altar of the Shining One.
  1565 | D:2      | Reached skill level 1 in Conjurations
  1565 | D:2      | Reached skill level 1 in Hexes
  1565 | D:2      | Reached skill level 1 in Charms
  1565 | D:2      | Reached skill level 1 in Summonings
  1565 | D:2      | Reached skill level 1 in Necromancy
  1565 | D:2      | Reached skill level 1 in Translocations
  1565 | D:2      | Reached skill level 1 in Transmutations
  1565 | D:2      | Reached skill level 1 in Ice Magic
  1565 | D:2      | Reached skill level 1 in Air Magic
  1565 | D:2      | Reached skill level 1 in Earth Magic
  1565 | D:2      | Reached skill level 1 in Poison Magic
  1817 | D:2      | Reached XP level 5. HP: 31/43 MP: 9/9
  2189 | D:2      | Noticed Terence
  2270 | D:2      | Killed Terence
  2439 | D:3      | Found a shattered altar of Ashenzari.
  2708 | D:3      | Reached XP level 6. HP: 28/50 MP: 9/11
  2856 | D:3      | Found a sacrificial altar of Ru.
  3139 | D:3      | Found a basalt altar of Yredelemnul.
  3378 | D:3      | Reached skill level 5 in Fighting
  3378 | D:3      | Reached skill level 5 in Short Blades
  3471 | D:4      | Found a sparkling altar of Nemelex Xobeh.
  3652 | D:4      | Noticed Edmund
  3706 | D:4      | Killed Edmund
  3706 | D:4      | Reached XP level 7. HP: 20/56 MP: 12/12
  4262 | D:4      | Cast into level 1 of the Abyss (orc)
  4296 | Abyss:1  | Noticed an orange demon
  4297 | Abyss:1  | Noticed a small abomination
  4305 | Abyss:1  | Noticed an efreet
  4313 | D:4      | Escaped the Abyss
  4561 | D:4      | Found a runed translucent door.
  4567 | D:4      | Noticed grerr's ghost (novice DECj)
  4647 | D:4      | Found an ancient bone altar of Kikubaaqudgha.
  4657 | D:4      | Found a staircase to the Ecumenical Temple.
  4683 | Temple   | Entered the Ecumenical Temple
  4729 | Temple   | Became a worshipper of Gozag Ym Sagoz the Greedy
  5249 | D:5      | Entered Level 5 of the Dungeon
  5264 | D:5      | Found a stormy altar of Qazlal.
  5301 | D:5      | Reached XP level 8. HP: 63/63 MP: 14/14
  5479 | D:5      | Noticed an air elemental
  5487 | D:5      | Noticed a water elemental
  5617 | D:5      | Found a burning altar of Makhleb.
  6257 | D:6      | Found a large runed translucent door.
  6268 | D:6      | Found a large runed translucent door.
  6321 | D:6      | Noticed Veteran's ghost (novice GrFi)
  6763 | D:7      | Reached XP level 9. HP: 33/69 MP: 16/16
  6766 | D:7      | Reached skill level 5 in Fire Magic
  7057 | D:7      | Got a shimmering mace
  7058 | D:7      | Identified the +5 mace "Vooh" {crush, rElec MR- Int+7} (You
                  | found it on level 7 of the Dungeon)
  7352 | D:7      | Reached skill level 5 in Spellcasting
  7423 | D:7      | Found a hide-covered altar of Uskayaw.
  7978 | D:8      | Noticed a two-headed ogre
  7984 | D:8      | Got a twisted robe
  7986 | D:8      | Noticed a glowing shapeshifter
  7986 | D:8      | a two-headed ogre changed into a glowing shapeshifter
  7987 | D:8      | Noticed a torpor snail
  7987 | D:8      | a glowing shapeshifter changed into a torpor snail
  7990 | D:8      | Reached skill level 5 in Shields
  7990 | D:8      | Reached skill level 5 in Evocations
  7997 | D:8      | Found Xeubu's Assorted Antiques.
  8000 | D:8      | Bought a scroll labeled YTEEDA SIAWUN for 22 gold pieces
  8000 | D:8      | Bought a thin platinum amulet for 110 gold pieces
  8003 | D:8      | Identified the +2 robe of Resilience {rElec Str+6 Stlth-}
                  | (You found it on level 8 of the Dungeon)
  8075 | D:8      | Learned a level 2 spell: Blink
  8078 | D:8      | Learned a level 1 spell: Magic Dart
  8158 | D:8      | Noticed a two-headed ogre
  8159 | D:8      | a two-headed ogre changed into a dream sheep
  8167 | D:8      | Reached skill level 5 in Stealth
  8301 | D:8      | Noticed Harold
  8318 | D:8      | Killed Harold
  8318 | D:8      | Reached skill level 5 in Invocations
  8318 | D:8      | Reached XP level 10. HP: 53/77 MP: 16/18
  8336 | D:8      | Noticed an anaconda
  8342 | D:8      | an anaconda changed into a swamp worm
  9302 | D:9      | Noticed a red ugly thing
  9327 | D:9      | Killed a red ugly thing
  9327 | D:9      | Reached skill level 5 in Long Blades
  9327 | D:9      | Reached skill level 5 in Axes
  9327 | D:9      | Reached skill level 5 in Maces & Flails
  9327 | D:9      | Reached skill level 5 in Polearms
  9327 | D:9      | Reached skill level 5 in Staves
  9327 | D:9      | Reached skill level 5 in Slings
  9327 | D:9      | Reached skill level 5 in Bows
  9327 | D:9      | Reached skill level 5 in Crossbows
  9327 | D:9      | Reached skill level 5 in Throwing
  9327 | D:9      | Reached skill level 5 in Armour
  9327 | D:9      | Reached skill level 5 in Dodging
  9327 | D:9      | Reached skill level 5 in Unarmed Combat
 10066 | D:9      | Found a snail-covered altar of Cheibriados.
 10104 | D:9      | Found a white marble altar of Elyvilon.
 10104 | D:9      | Found a deep blue altar of Sif Muna.
 10139 | D:9      | Found a staircase to the Lair.
 10373 | D:10     | Entered Level 10 of the Dungeon
 10390 | D:8      | Bought a polished fustibalus for 460 gold pieces
 10391 | D:8      | Identified the +2 fustibalus of Trauma {venom, rF++ Str+3
                  | Dex+3} (You bought it in a shop on level 8 of the Dungeon)
 10506 | D:10     | Got an ancient short sword
 10584 | D:10     | Noticed Erolcha
 10595 | D:10     | Killed Erolcha
 10643 | D:10     | Noticed a two-headed ogre
 10655 | D:10     | Killed a two-headed ogre
 11111 | D:10     | Reached XP level 11. HP: 81/84 MP: 20/20
 11211 | D:10     | Learned a level 1 spell: Apportation
 11215 | D:10     | Learned a level 3 spell: Mephitic Cloud
 11219 | D:10     | Learned a level 3 spell: Tukima's Dance
 11223 | D:10     | Learned a level 3 spell: Lesser Beckoning
 11501 | D:11     | Reached skill level 5 in Conjurations
 11501 | D:11     | Reached skill level 5 in Hexes
 11501 | D:11     | Reached skill level 5 in Charms
 11501 | D:11     | Reached skill level 5 in Summonings
 11501 | D:11     | Reached skill level 5 in Necromancy
 11501 | D:11     | Reached skill level 5 in Translocations
 11501 | D:11     | Reached skill level 5 in Transmutations
 11501 | D:11     | Reached skill level 5 in Ice Magic
 11501 | D:11     | Reached skill level 5 in Air Magic
 11501 | D:11     | Reached skill level 5 in Earth Magic
 11501 | D:11     | Reached skill level 5 in Poison Magic
 11889 | D:11     | Found a flagged portal.
 11893 | D:11     | Noticed Psyche
 11897 | Bailey   | Entered a bailey
 12386 | Bailey   | Noticed an orc knight
 12525 | Bailey   | Killed an orc knight
 12588 | Bailey   | Identified a scroll of acquirement
 12697 | D:11     | Killed Psyche
 13000 | D:11     | Found a staircase to the Orcish Mines.
 13090 | D:11     | Found a hazy altar of Hepliaklqana.
 13827 | D:11     | Reached XP level 12. HP: 88/93 MP: 21/23
 14214 | D:11     | Identified the +5 short sword of Integrity {speed, +Blink
                  | MR+ Str+2} (You found it on level 10 of the Dungeon)
 14216 | D:11     | Bought a +5 great sword of flaming for 657 gold pieces
 14351 | D:12     | Noticed Jorgrun
 14354 | D:12     | Noticed Fannar
 14372 | D:12     | Killed Jorgrun
 14391 | D:12     | Killed Fannar
 15720 | D:12     | Found a transporter.
 15792 | D:12     | Found a corrupted altar of Lugonu.
 15879 | D:12     | Noticed a thrashing horror
 15883 | D:12     | Found a transporter.
 16475 | D:13     | Reached XP level 13. HP: 101/101 MP: 25/25
 16516 | D:13     | Noticed a vault guard
 16565 | D:13     | Killed a vault guard
 17042 | D:13     | Found Sewesor's Jewellery Emporium.
 17079 | D:13     | Found a gate to the Vaults.
 17325 | D:12     | HP: 6/151 [death knight/+2 halberd (3)]
 17327 | D:12     | Slain by a death knight

Skill      XL: |  1  2  3  4  5  6  7  8  9 10 11 12 13 |
---------------+----------------------------------------+-----
Invocations    | 1 2 3 4 5 6 7 8 |  8.7
Long Blades    | 1 2 3 4 5 6 7 8 |  8.0
Axes           | 1 2 3 4 5 6 7 8 |  8.0
Maces & Flails | 1 2 3 4 5 6 7 8 |  8.0
Polearms       | 1 2 3 4 5 6 7 8 |  8.0
Staves         | 1 2 3 4 5 6 7 8 |  8.0
Slings         | 1 2 3 4 5 6 7 8 |  8.0
Bows           | 1 2 3 4 5 6 7 8 |  8.0
Crossbows      | 1 2 3 4 5 6 7 8 |  8.0
Throwing       | 1 2 3 4 5 6 7 8 |  8.0
Armour         | 1 2 3 4 5 6 7 8 |  8.0
Dodging        | 1 2 3 4 5 6 7 8 |  8.0
Unarmed Combat | 1 2 3 4 5 6 7 8 |  8.0
Spellcasting   | 3 4 5 6 7 8 |  8.5
Conjurations   | 1 2 3 4 5 6 |  6.6
Hexes          | 1 2 3 4 5 6 |  6.6
Charms         | 1 2 3 4 5 6 |  6.6
Summonings     | 1 2 3 4 5 6 |  6.6
Necromancy     | 1 2 3 4 5 6 |  6.6
Translocations | 1 2 3 4 5 6 |  6.6
Transmutations | 1 2 3 4 5 6 |  6.6
Ice Magic      | 1 2 3 4 5 6 |  6.6
Air Magic      | 1 2 3 4 5 6 |  6.6
Earth Magic    | 1 2 3 4 5 6 |  6.6
Poison Magic   | 1 2 3 4 5 6 |  6.6
Shields        | 3 4 5 6 7 8 |  8.4
Evocations     | 3 4 5 6 7 8 |  8.4
Fire Magic     | 4 5 6 7 |  7.7
Stealth        | 3 4 5 6 7 8 |  8.4
Fighting       | 5 6 7 8 9 |  9.2
Short Blades   | 5 6 7 8 9 |  9.2

Action                   |  1- 3 |  4- 6 |  7- 9 | 10-12 | 13-15 || total
-------------------------+-------+-------+-------+-------+-------++-------
Melee: Short sword       |    72 |   273 |    30 |       |       ||   375
       Bite              |     7 |    31 |    40 |   101 |    11 ||   190
       Punch             |       |     3 |       |       |       ||     3
       Dire flail        |       |       |   255 |   608 |   114 ||   977
       Mace              |       |       |    19 |    68 |       ||    87
 Fire: Fustibalus        |       |       |       |   234 |     9 ||   243
Throw: Tomahawk          |       |       |    15 |    15 |       ||    30
       Stone             |       |       |       |     2 |       ||     2
Invok: Call Merchant     |       |       |       |     2 |       ||     2
       Potion Petition   |       |       |       |     1 |       ||     1
Evoke: Wand              |       |     2 |    19 |    14 |     5 ||    40
       Sack of spiders   |       |       |       |     3 |       ||     3
  Use: Scroll            |     3 |    14 |    11 |    11 |       ||    39
       Potion            |       |     3 |     4 |     8 |     6 ||    21
 Stab: Sleeping          |     3 |       |     5 |     8 |       ||    16
       Distracted        |       |       |     1 |     8 |     1 ||    10
       Paralysed         |       |       |     3 |     2 |       ||     5
       Confused          |       |       |       |     1 |       ||     1
  Eat: Chunk             |     1 |     8 |     3 |       |       ||    12
       Ration            |       |       |     4 |     8 |     2 ||    14
Armor: Robe              |    10 |       |       |       |       ||    10
       Chain mail        |    16 |   109 |       |       |       ||   125
       Scale mail        |       |    13 |   163 |   340 |    40 ||   556
Dodge: Dodged            |    25 |    99 |   222 |   486 |    34 ||   866
Block: Other             |       |       |     3 |   107 |    15 ||   125
       Reflection        |       |       |       |    10 |       ||    10
